[Event "*** SCC Grand Prix: Titled Tuesday Blitz"]
[Site "Chess.com"]
[Date "2020.07.14"]
[Round "3"]
[White "WinstonSilvakov"]
[Black "Haapana"]
[Result "0-1"]
[WhiteElo "2115"]
[BlackElo "2349"]
[TimeControl "180+1"]
[EndTime "10:27:18 PDT"]
[Termination "Haapana won by resignation"]

1. d4 Nf6 2. e3 g6 3. Bd3 Bg7 4. h4 h5 5. c4 d6 6. Nc3 Nc6 7. d5 Ne5 8. Be2 c6 9. Nf3 Nxf3+ 10. Bxf3 cxd5 11. Nxd5 Ng4 12. Qc2 O-O 13. Be4 e6 14.
Nf4 Nf6 15. Bd3 d5 16. Bd2 dxc4 17. Bxc4 Bd7 18. Bb4 Re8 19. Rd1 Qc7 20. Bd6 Qc6 21.
Bb3 Rac8 22. Qxc6 Bxc6 23. O-O a5 24. a3 Ne4 25. Nd3 Nxd6 0-1

[Event "*** SCC Grand Prix: Titled Tuesday Blitz"]
[Site "Chess.com"]
[Date "2020.07.14"]
[Round "3"]
[White "jucAxx"]
[Black "kasparicy"]
[Result "0-1"]
[WhiteElo "2035"]
[BlackElo "2295"]
[TimeControl "180+1"]
[EndTime "10:27:20 PDT"]
[Termination "kasparicy won by resignation"]

1. e4 c5 2. c3 d5 3. exd5 Nf6 4. d4 cxd4 5. Nf3 g6 6. c4 b5 7. b3 bxc4 8. bxc4 Bg7 9. Nxd4 O-O 10. Be2 e6 11. dxe6 Bb7 12. O-O fxe6 13. Bb2 Qb6 14.
Qb3 Ne4 15. Qxb6 axb6 16. Bf3 Na6 17. Bxe4 Bxe4 18. Nd2 Bd3 19. Rfe1 Rfd8 20. N2f3 Bxc4 21. Rac1 b5 22. a3 Nc5 23. Rc2 Nd3 24. Rd1 Nxb2 25. Rxb2 e5 0-1

[Event "*** SCC Grand Prix: Titled Tuesday Blitz"]
[Site "Chess.com"]
[Date "2020.07.14"]
[Round "3"]
[White "Korchmar_Vasiliy"]
[Black "amintabatabaei"]
[Result "0-1"]
[WhiteElo "2687"]
[BlackElo "3016"]
[TimeControl "180+1"]
[EndTime "10:27:22 PDT"]
[Termination "amintabatabaei won on time"]

1. d4 Nf6 2. c4 g6 3. Nc3 d5 4.
Nf3 Bg7 5. Bf4 O-O 6. e3 c5 7.
dxc5 Nbd7 8. cxd5 Qa5 9. Be2 Nxd5 10. O-O Nxc3 11. bxc3 Nxc5 12. Nd4 e5 13. Nb3 Nxb3 14. axb3 Qxc3 15. Bg5 Be6 16. Bc4 Bxc4 17. bxc4 Qxc4 18. Rc1 Qe6 19. Rc7 a5 20. Rxb7 a4 21. Be7 Rfe8 22.
Ba3 Bf8 23. Qa1 Qc6 24. Rfb1 Rec8 25. h4 Bxa3 26. Qxa3 Qc5 27. Qa2 Qc4 28. Qa3 Qxh4 29. R1b4 Qh5 30. g3 Qf3 0-1

[Event "*** SCC Grand Prix: Titled Tuesday Blitz"]
[Site "Chess.com"]
[Date "2020.07.14"]
[Round "3"]
[White "isainz"]
[Black "MasterKroket"]
[Result "0-1"]
[WhiteElo "2154"]
[BlackElo "2408"]
[TimeControl "180+1"]
[EndTime "10:27:22 PDT"]
[Termination "MasterKroket won on time"]

1. e4 c5 2. Nf3 e6 3. d4 cxd4 4. Nxd4 Nc6 5. Nb5 d6 6. c4 Nf6 7. N1c3 a6 8. Na3 b6 9. Be3 Bb7 10. Be2 Nb8 11. f3 Be7 12. Qb3 Nbd7 13. O-O Bc6 14.
Rfd1 Qb8 15. Rac1 O-O 16. Nc2 Nc5 17. Bxc5 bxc5 18. Qxb8 Raxb8 19. b3 Rfd8 20. Ne3 Ne8 21. Rd2 Bf6 22. g3 g6 23. Bf1 a5 24.
Kf2 a4 25. bxa4 Rb4 26. Ke2 Bxa4 27. Nxa4 Rxa4 28. Rb1 Rda8 29. Rb7 Rxa2 30. Rxa2 Rxa2+ 31. Kd3 Bd4 32. Ng4 Kg7 33. f4 h5 0-1

[Event "*** SCC Grand Prix: Titled Tuesday Blitz"]
[Site "Chess.com"]
[Date "2020.07.14"]
[Round "3"]
[White "SargissyanSargis"]
[Black "ailime26"]
[Result "1-0"]
[WhiteElo "2308"]
[BlackElo "1871"]
[TimeControl "180+1"]
[EndTime "10:27:26 PDT"]
[Termination "SargissyanSargis won on time"]

1. e4 c5 2. Nc3 Nc6 3. Bb5 g6 4. Bxc6 dxc6 5. f4 Bg7 6. Nf3 Bg4 7. O-O e5 8. d3 Nf6 9. fxe5 Nd7 10. e6 fxe6 11. h3 Bxf3 12. Qxf3 Ne5 13. Qg3 Qe7 14.
Bg5 Qd7 15. Rf2 Nf7 16. Be3 Bd4 17. Bxd4 cxd4 18. Ne2 e5 19. Raf1 Rf8 20. Qh4 h6 21. Qf6 g5 22. Ng3 Qe7 23. Qxe7+ Kxe7 24. Nf5+ Kd7 25.
Nxh6 Nxh6 26. Rxf8 1-0

[Event "*** SCC Grand Prix: Titled Tuesday Blitz"]
[Site "Chess.com"]
[Date "2020.07.14"]
[Round "3"]
[White "CheckThis4"]
[Black "IAgrest"]
[Result "1-0"]
[WhiteElo "2493"]
[BlackElo "2212"]
[TimeControl "180+1"]
[EndTime "10:27:28 PDT"]
[Termination "CheckThis4 won on time"]

1. e4 e5 2. Nf3 Nc6 3. Bc4 Nf6 4. d4 exd4 5. O-O Nxe4 6. Re1 d5 7. Bxd5 Qxd5 8.
Nc3 Qd7 9. Rxe4+ Be7 10. Nxd4 f5 11. Bh6 fxe4 12. Bxg7 Rg8 13. Qh5+ Kd8 14. Rd1 Nxd4 15. Bxd4 c6 16. Be5 Qxd1+ 17. Qxd1+ Bd7 18. Nxe4 Ke8 19. Nf6+ Bxf6 20. Bxf6 Be6 21. Qd6 Kf7 22. Qe7+ Kg6 23.
Qxe6 Rae8 24. Be7+ Kh5 25. h3 1-0

[Event "*** SCC Grand Prix: Titled Tuesday Blitz"]
[Site "Chess.com"]
[Date "2020.07.14"]
[Round "3"]
[White "SanQui14"]
[Black "GustavoJuarezF"]
[Result "1-0"]
[WhiteElo "2280"]
[BlackElo "1991"]
[TimeControl "180+1"]
[EndTime "10:27:30 PDT"]
[Termination "SanQui14 won on time"]

1. d4 d5 2. c4 e6 3. Nf3 c6 4. Nc3 Nf6 5. Bf4 Bd6 6. Be5 Qe7 7. e3 Nbd7 8. Bd3 O-O 9. Qc2 g6 10. h4 Bxe5 11. dxe5 Nh5 12. g4 dxc4 13. Bxc4 Ng7 14. O-O-O b5 15. Bd3 Qc5 16. h5 Nxe5 17. Nxe5 Qxe5 18.
Ne4 a5 19. f4 Qc7 20. Nf6+ Kh8 21. hxg6 h5 22. gxh5 Qe7 23. Ng4 f5 24. Ne5 Rf6 25. h6 Bb7 26. hxg7+ Kg8 27. Rh8+ Kxg7 28. Rh7+ Kf8 29.
Rxe7 1-0

[Event "*** SCC Grand Prix: Titled Tuesday Blitz"]
[Site "Chess.com"]
[Date "2020.07.14"]
[Round "3"]
[White "RenarddesSurfaces"]
[Black "Vandros57"]
[Result "1-0"]
[WhiteElo "2377"]
[BlackElo "2127"]
[TimeControl "180+1"]
[EndTime "10:27:32 PDT"]
[Termination "RenarddesSurfaces won by resignation"]

1. e4 c5 2. c3 d5 3. exd5 Qxd5 4.
d4 Nf6 5. Nf3 a6 6. Be3 cxd4 7.
cxd4 e6 8. Nc3 Qd6 9. Bc4 Be7 10. O-O O-O 11. Qe2 b5 12. Bb3 Bb7 13. Rfd1 Nbd7 14. Bg5 Nb6 15. Ne5 Nfd5 16. Ne4 Qd8 17. Bxe7 Qxe7 18.
Nc5 Rab8 19. Qg4 Rfd8 20. Rd3 g6 21. Rh3 Kg7 22. Re1 Qf6 23. Rf3 h5 24. Rxf6 hxg4 25. Rxf7+ Kg8 26. Rxb7 Rxb7 27. Nxb7 Rb8 28. Nc5 a5 29.
Nxe6 a4 30. Bxd5 Nxd5 31. Nxg6 Re8 32. Re5 Rc8 33. Nc5 Nf6 34. Ne7+ 1-0

[Event "*** SCC Grand Prix: Titled Tuesday Blitz"]
[Site "Chess.com"]
[Date "2020.07.14"]
[Round "3"]
[White "romulocardoso"]
[Black "anpospan"]
[Result "0-1"]
[WhiteElo "2087"]
[BlackElo "2315"]
[TimeControl "180+1"]
[EndTime "10:27:32 PDT"]
[Termination "anpospan won by resignation"]

1. e4 Nc6 2. d4 e5 3. d5 Nce7 4. c4 Ng6 5. Nc3 Bc5 6. Nf3 d6 7. Be2 Nf6 8. h4 h5 9. Bg5 a5 10. a3 Bg4 11. b4 axb4 12. axb4 Bxb4 13. Rc1 Ra3 14. Qd3 Rxc3 15. Rxc3 Bxc3+ 16. Qxc3 Nxe4 17. Qb4 Nxg5 18. Nxg5 Bxe2 19. Kxe2 Nf4+ 20. Kf3 O-O 21. Qxb7 Qf6 22. g4 Nd3+ 23. Ke3 Nxf2 24. Rf1 Qf4+ 25. Ke2 hxg4 26. Rxf2 Qxc4+ 27. Ke1 g3 28. Rg2 Qxh4 29. Nf3 Qe4+ 0-1

[Event "*** SCC Grand Prix: Titled Tuesday Blitz"]
[Site "Chess.com"]
[Date "2020.07.14"]
[Round "3"]
[White "maximnovik"]
[Black "AniJak"]
[Result "1-0"]
[WhiteElo "2515"]
[BlackElo "2324"]
[TimeControl "180+1"]
[EndTime "10:27:33 PDT"]
[Termination "maximnovik won by checkmate"]

1. d4 d5 2. c4 c6 3. Nc3 Nf6 4.
Bf4 e6 5. e3 Bd6 6. Bg3 Bxg3 7.
hxg3 Nbd7 8. Nf3 Nf8 9. Qc2 Ng6 10. Bd3 O-O 11. Ne5 dxc4 12. Bxc4 Nd5 13. Nxg6 fxg6 14.
O-O-O b5 15. Bb3 a5 16. Ne4 a4 17. Bxd5 cxd5 18. Nc5 Bd7 19. f4 b4 20. Qf2 Rc8 21. Qe2 Qe7 22. Kb1 Rc7 23. Rc1 Rfc8 24. g4 Be8 25. g5 Qd6 26. g4 Qb6 27. Qh2 Bb5 28.
Qxh7+ Kf7 29. Rh6 e5 30. f5 Rxc5 31. dxc5 Bd3+ 32. Ka1 Rxc5 33. Rxc5 Qxc5 34. Qxg6+ Kf8 35. Rh8+ Ke7 36. Qe6# 1-0

[Event "*** SCC Grand Prix: Titled Tuesday Blitz"]
[Site "Chess.com"]
[Date "2020.07.14"]
[Round "3"]
[White "LubovMarkelova"]
[Black "WPWPWP-2015"]
[Result "0-1"]
[WhiteElo "2184"]
[BlackElo "2424"]
[TimeControl "180+1"]
[EndTime "10:27:35 PDT"]
[Termination "WPWPWP-2015 won by resignation"]

1. Nf3 Nf6 2. c4 e6 3. Nc3 b6 4. g3 Bb7 5. Bg2 Be7 6. O-O O-O 7. Re1 c5 8. e4 d6 9. d4 cxd4 10.
Nxd4 Qc8 11. Be3 Nc6 12. Rc1 Nxd4 13. Bxd4 Rd8 14. f4 Nd7 15. Qh5 Bf6 16. e5 dxe5 17.
fxe5 Be7 18. Ne4 Nc5 19. Nf6+ Bxf6 20. exf6 Rxd4 21. Qg5 Qf8 22. b4 Bxg2 23. bxc5 Bc6 24.
Rcd1 Rxd1 25. Rxd1 Qxc5+ 0-1

[Event "*** SCC Grand Prix: Titled Tuesday Blitz"]
[Site "Chess.com"]
[Date "2020.07.14"]
[Round "3"]
[White "mamey78"]
[Black "Matols"]
[Result "0-1"]
[WhiteElo "2411"]
[BlackElo "2213"]
[TimeControl "180+1"]
[EndTime "10:27:36 PDT"]
[Termination "Matols won by resignation"]

1. e4 e6 2. d4 d5 3. Nc3 Nf6 4. e5 Nfd7 5. f4 c5 6. Nf3 Nc6 7. Be3 cxd4 8. Nxd4 Bc5 9. Qd2 O-O 10. O-O-O a6 11.
h4 Nxd4 12. Bxd4 b5 13. Ne2 a5 14. Qe3 Qc7 15. f5 exf5 16. e6 fxe6 17. Qxe6+ Kh8 18. h5 Nf6 19. Qe3 Ng4 20. Qf3 Bxd4 21. Nxd4 Bd7 22.
h6 Nxh6 23. Qxd5 Rac8 24. Bd3 Ng4 25. Nxf5 Bxf5 26. Rxh7+ Bxh7 27. Rh1 Qf4+ 28. Kb1 Nf6 0-1

[Event "*** SCC Grand Prix: Titled Tuesday Blitz"]
[Site "Chess.com"]
[Date "2020.07.14"]
[Round "3"]
[White "GMCarbone"]
[Black "Margarita2907"]
[Result "0-1"]
[WhiteElo "2292"]
[BlackElo "2099"]
[TimeControl "180+1"]
[EndTime "10:27:36 PDT"]
[Termination "Margarita2907 won by resignation"]

1. d4 d5 2. c4 e6 3. Nf3 Nf6 4. Nc3 Nbd7 5. Bf4 dxc4 6. e3 Nd5 7. Bxc4 Nxf4 8. exf4 Be7 9. O-O O-O 10. Bb3 a6 11. Qd3 b5 12. Bc2 Nf6 13. Ne5 Bb7 14. Ng4 g6 15.
Ne3 b4 16. Ne2 Nd5 17. Nc4 a5 18. Rfe1 Bf6 19. Ne5 Qd6 20. Rac1 Rac8 21. Ba4 c5 22. dxc5 Rxc5 23. Rxc5 Qxc5 24. Nd7 Qe7 25. Nxf8 Kxf8 26.
Rc1 Bxb2 27. Rc2 Bf6 28. Qb5 Nc3 29. Nxc3 bxc3 30. Qxa5 Qd6 31. Rc1 Qxf4 32. Qc5+ Kg7 33. Qe3 Qxa4 34. h3 Qxa2 35. Kh2 Qd2 0-1

[Event "*** SCC Grand Prix: Titled Tuesday Blitz"]
[Site "Chess.com"]
[Date "2020.07.14"]
[Round "3"]
[White "2900tactinhos"]
[Black "tsvet2005"]
[Result "1-0"]
[WhiteElo "2415"]
[BlackElo "2591"]
[TimeControl "180+1"]
[EndTime "10:27:37 PDT"]
[Termination "2900tactinhos won by resignation"]

1. d4 d5 2. c4 e6 3. Nc3 c6 4. e4 dxe4 5. Nxe4 Bb4+ 6. Nc3 c5 7. Nf3 Nf6 8. Be3 Nc6 9. Rc1 O-O 10. Be2 Ng4 11.
a3 cxd4 12. Bxd4 Nxd4 13. Qxd4 e5 14. Qxd8 Bxc3+ 15. Rxc3 Rxd8 16. h3 Nf6 17. Nxe5 Re8 18. Re3 Bf5 19. Bf3 Rac8 20. O-O Rc5 21. Rfe1 b6 22.
g4 Bg6 23. b4 Rcc8 24. Nc6 Rxe3 25. Rxe3 Rc7 26. g5 Nd7 27. Re8+ Nf8 28. Ne7+ Rxe7 29. Rxe7 f6 30. Bd5+ Kh8 31. Rxa7 1-0

[Event "*** SCC Grand Prix: Titled Tuesday Blitz"]
[Site "Chess.com"]
[Date "2020.07.14"]
[Round "3"]
[White "Herracek"]
[Black "iverichighladze"]
[Result "1-0"]
[WhiteElo "2569"]
[BlackElo "2380"]
[TimeControl "180+1"]
[EndTime "10:27:38 PDT"]
[Termination "Herracek won by resignation"]

1. c4 Nf6 2. Nc3 d5 3. cxd5 Nxd5 4. g3 Nxc3 5. bxc3 c5 6. Bg2 Nc6 7. Rb1 e5 8. Qa4 Qc7 9. Nf3 Bd7 10. O-O Nd4 11. Qd1 Nxf3+ 12. Bxf3 Bc6 13. e3 Be7 14. d4 cxd4 15. exd4 exd4 16. Bf4 Qd7 17. cxd4 O-O 18. d5 Ba4 19. Qd3 a6 20. d6 Bf6 21. Rxb7 Qf5 22. Be4 Qh5 23. d7 Bb5 24. Rxb5 axb5 25. Bxa8 Rxa8 26.
Bc7 h6 27. d8=Q+ Bxd8 28. Bxd8 Rxa2 29. Bb6 b4 30. Bd4 Qd5 31. Rc1 Ra8 32. Qc4 Qxc4 33. Rxc4 Rb8 34. Be5 Rb5 35. Bb2 b3 36. Kf1 f6 37. Rc3 Kf7 38. Ke2 Kg6 39. h4 Kf5 40. Rc4 Rd5 41. Rb4 g5 42. g4+ Ke6 43. h5 Rc5 44. Rxb3 Rc4 45. Rb6+ Kd5 46. f3 1-0

[Event "*** SCC Grand Prix: Titled Tuesday Blitz"]
[Site "Chess.com"]
[Date "2020.07.14"]
[Round "3"]
[White "thedjoker98"]
[Black "Kaua18"]
[Result "1-0"]
[WhiteElo "2494"]
[BlackElo "2281"]
[TimeControl "180+1"]
[EndTime "10:27:38 PDT"]
[Termination "thedjoker98 won on time"]

1. d4 Nf6 2. c4 e6 3. Nc3 Bb4 4. g3 O-O 5. Bg2 d5 6. Nf3 Ne4 7. Qc2 b6 8. O-O Bxc3 9. bxc3 Bb7 10. cxd5 exd5 11. c4 Re8 12. cxd5 Bxd5 13. Bf4 c6 14. Ne5 Nf6 15. e4 Be6 16. Nxc6 Nxc6 17. Qxc6 Qxd4 18. Rfd1 Qb2 19. e5 Rac8 20. Qb7 Ng4 21. Qf3 Rc2 22. Be3 Nxe5 23. Qe4 Ng4 24. Bd4 Nxf2 25. Qe1 Nd3 26. Rxd3 Qb5 27. Re3 Rd8 28. Rd1 h6 29. Rxe6 fxe6 30. Qxe6+ Kh7 31. Be4+ 1-0

[Event "*** SCC Grand Prix: Titled Tuesday Blitz"]
[Site "Chess.com"]
[Date "2020.07.14"]
[Round "3"]
[White "kassablanca"]
[Black "Onischuk_V"]
[Result "0-1"]
[WhiteElo "2627"]
[BlackElo "2889"]
[TimeControl "180+1"]
[EndTime "10:27:39 PDT"]
[Termination "Onischuk_V won by resignation"]

1. d4 d6 2. Nf3 g6 3. e4 Bg7 4. c3 Nf6 5. Bd3 O-O 6. O-O Nc6 7. Bc2 e5 8. dxe5 dxe5 9. Nbd2 Be6 10. Qe2 Nd7 11.
a4 a5 12. Nc4 h6 13. Rd1 Qe7 14. Ne3 Rfc8 15. Nd5 Qe8 16. Nh4 Ncb8 17. g3 c6 18. Ne3 Nb6 19. b3 N8d7 20. Ba3 Bf8 21. Bxf8 Qxf8 22.
Nhf5 Rd8 23. b4 axb4 24. cxb4 gxf5 25. exf5 Bd5 26. a5 Nc8 27. Nxd5 cxd5 28. Rxd5 Nf6 29. Rxd8 Qxd8 30. Qxe5 Qd6 31. Qc3 Ne7 32. Rd1 Qc6 33. Qd2 Ned5 34. Bb3 Nc3 35. Re1 Nfe4 36. Qf4 Ng5 37. Re3 Nh3+ 0-1

[Event "*** SCC Grand Prix: Titled Tuesday Blitz"]
[Site "Chess.com"]
[Date "2020.07.14"]
[Round "3"]
[White "supertfc"]
[Black "alfiefischer77"]
[Result "1-0"]
[WhiteElo "2423"]
[BlackElo "2187"]
[TimeControl "180+1"]
[EndTime "10:27:39 PDT"]
[Termination "supertfc won by resignation"]

1. c4 Nf6 2. g3 e6 3. Bg2 d5 4. Nf3 Be7 5. O-O O-O 6. d4 c6 7. Qc2 b6 8. Nbd2 Bb7 9. e4 Na6 10. e5 Nd7 11. cxd5 Nb4 12. Qb1 Nxd5 13. Ne4 c5 14.
Bg5 cxd4 15. Bxe7 Qxe7 16. Nd6 Ba6 17. Qe4 Bxf1 18. Bxf1 f5 19. Qxd4 f4 20. Qe4 Nc5 21. Qe2 Rad8 22. Bh3 Kh8 23. a3 fxg3 24. hxg3 Nb7 25. Nb5 a6 26. Nbd4 Nc5 27. b4 Nc3 28. Qc2 N5e4 29. Re1 Rxd4 30. Nxd4 Rxf2 31. Qd3 Qg5 32.
Nxe6 Qe7 33. Rxe4 Nxe4 34. Qxe4 Ra2 35. Qa8+ 1-0

[Event "*** SCC Grand Prix: Titled Tuesday Blitz"]
[Site "Chess.com"]
[Date "2020.07.14"]
[Round "3"]
[White "GAusal"]
[Black "andy_rekt"]
[Result "0-1"]
[WhiteElo "2042"]
[BlackElo "2296"]
[TimeControl "180+1"]
[EndTime "10:27:41 PDT"]
[Termination "andy_rekt won by checkmate"]

1. e4 c5 2. f4 Nc6 3. Nf3 e6 4. e5 d5 5. d4 cxd4 6. Nxd4 Nge7 7. c3 Nxd4 8. Qxd4 h5 9. Bd3 Nc6 10. Qf2 h4 11. O-O h3 12. g3 b6 13. Be3 Bb7 14.
Nd2 Ne7 15. a4 Bc6 16. Nf3 Nf5 17. Bxf5 exf5 18. Nd4 Bd7 19. a5 bxa5 20. Qf3 Be6 21. Qe2 Qd7 22. Rxa5 Be7 23. Rfa1 O-O 24. Qc2 Bd8 25.
Ra6 Bb6 26. Qa4 Qb7 27. Kf2 Bxd4 28. Bxd4 Qxb2+ 29. Kg1 Qg2# 0-1

[Event "*** SCC Grand Prix: Titled Tuesday Blitz"]
[Site "Chess.com"]
[Date "2020.07.14"]
[Round "3"]
[White "Colchonero64"]
[Black "EvgenyRomanov"]
[Result "1-0"]
[WhiteElo "2938"]
[BlackElo "2599"]
[TimeControl "180+1"]
[EndTime "10:27:42 PDT"]
[Termination "Colchonero64 won by resignation"]

1. d4 d5 2. Nf3 Nf6 3. Bf4 e6 4. e3 Bd6 5. Nbd2 O-O 6. Bg3 c5 7. dxc5 Bxc5 8. c4 Nc6 9. a3 Bb6 10. b4 d4 11. c5 dxe3 12. fxe3 Bc7 13. Nc4 Bxg3+ 14. hxg3 Qc7 15. Qd6 Qxd6 16. Nxd6 Rb8 17. Bd3 Bd7 18. g4 g6 19. g5 Nd5 20. Kd2 Kg7 21.
Rh4 f5 22. Rah1 Rh8 23. b5 Nce7 24. Ne5 Be8 25. g4 f4 26. e4 Ne3 27. Ke2 a6 28. a4 axb5 29. axb5 Ng8 30. Kf3 h5 31. gxh6+ Rxh6 32. Rxh6 Nxh6 33. Kxf4 1-0

[Event "*** SCC Grand Prix: Titled Tuesday Blitz"]
[Site "Chess.com"]
[Date "2020.07.14"]
[Round "3"]
[White "Bacyanide"]
[Black "Nayemhaque22"]
[Result "1-0"]
[WhiteElo "2472"]
[BlackElo "2210"]
[TimeControl "180+1"]
[EndTime "10:27:42 PDT"]
[Termination "Bacyanide won by resignation"]

1. d4 Nf6 2. Nf3 d5 3. Bf4 e6 4. Nbd2 Bd6 5. Bg5 O-O 6. e4 dxe4 7. Nxe4 Be7 8. Bxf6 Bxf6 9. Bd3 b6 10. h4 Bb7 11.
c3 Nd7 12. Qe2 Rc8 13. Nfg5 h6 14. Nh7 Re8 15. O-O-O Qe7 16. Qh5 e5 17. Rde1 Bxe4 18. Rxe4 Qd6 19. Rhe1 Red8 20. Ng5 Bxg5+ 21. hxg5 exd4 22.
Rxd4 Qc5 23. Bc4 Qxg5+ 24. Qxg5 hxg5 25. Re7 Nf6 26. Rxd8+ Kh7 27. Rxc8 1-0

[Event "*** SCC Grand Prix: Titled Tuesday Blitz"]
[Site "Chess.com"]
[Date "2020.07.14"]
[Round "3"]
[White "UKR_Master"]
[Black "gixfantastix"]
[Result "1-0"]
[WhiteElo "2330"]
[BlackElo "2108"]
[TimeControl "180+1"]
[EndTime "10:27:44 PDT"]
[Termination "UKR_Master won on time"]

1. e4 Nf6 2. e5 Nd5 3. c4 Nb6 4. a4 a5 5. c5 Nd5 6. Nc3 e6 7. d4 d6 8. cxd6 cxd6 9. Nf3 Nc6 10. Bb5 Be7 11. O-O O-O 12. Qe2 Bd7 13. Rd1 Re8 14. exd6 Bxd6 15. Ne4 Bf8 16. Nc5 Rc8 17. Nxb7 Qe7 18.
Nc5 Nxd4 19. Nxd4 Rxc5 20. Bd2 Rec8 21. Bxa5 Nf4 22. Qe4 Qg5 23. g3 Bxb5 24. axb5 Rc4 25. b3 Rxd4 26. Rxd4 Bc5 27. Qxf4 Qe7 28. Rc1 1-0

[Event "*** SCC Grand Prix: Titled Tuesday Blitz"]
[Site "Chess.com"]
[Date "2020.07.14"]
[Round "3"]
[White "Kavyev_Ruslan"]
[Black "HrvojeZagreb"]
[Result "1-0"]
[WhiteElo "2454"]
[BlackElo "2102"]
[TimeControl "180+1"]
[EndTime "10:27:45 PDT"]
[Termination "Kavyev_Ruslan won by resignation"]

1. e4 d6 2. d4 Nf6 3. Nc3 Nbd7 4.
Nf3 e5 5. Bc4 Be7 6. O-O c6 7.
a4 a5 8. Re1 Qc7 9. h3 h6 10.
b3 Nf8 11. Bb2 Ng6 12. Bf1 Nh5 13. d5 Ngf4 14. dxc6 bxc6 15. Ne2 Nxe2+ 16. Qxe2 Nf4 17. Qd2 g5 18. Nh2 h5 19. Rad1 g4 20. Ba3 gxh3 21.
g3 Rg8 22. Bxd6 Bxd6 23. Qxd6 Qxd6 24. Rxd6 h4 25. Red1 Be6 26. g4 Bxg4 27. Nxg4 Rxg4+ 28. Kh2 Ke7 29. Rd7+ Kf6 30. R1d6+ Kg7 31. Rxc6 Rg8 32. Rcc7 Rf8 33. c4 Kg6 34. c5 Kh5 35. Rxf7 Rxf7 36. Rxf7 Ng6 37. Be2 1-0

[Event "*** SCC Grand Prix: Titled Tuesday Blitz"]
[Site "Chess.com"]
[Date "2020.07.14"]
[Round "3"]
[White "Tsyhanchuk_Stanislav"]
[Black "Izoria123"]
[Result "0-1"]
[WhiteElo "2444"]
[BlackElo "2888"]
[TimeControl "180+1"]
[EndTime "10:27:46 PDT"]
[Termination "Izoria123 won by resignation"]

1. d4 d6 2. c4 e5 3. e3 Nd7 4. Nc3 g6 5. Bd3 Bg7 6. Nge2 Ngf6 7. O-O O-O 8. f4 exd4 9. exd4 d5 10. b3 c5 11. Bb2 cxd4 12. Nxd4 Nc5 13. Nce2 Ng4 14.
Rf3 Re8 15. Qd2 Nxd3 16. Rxd3 dxc4 17. bxc4 Qb6 18. Rc1 Bf5 19. c5 Qf6 20. h3 Bxd3 21.
Qxd3 Ne3 22. Ba1 Rad8 23. Qb3 Qe7 24. Kh1 Qe4 25. Rg1 Rxd4 26. Nxd4 Bxd4 27. Bxd4 Qxd4 28. Qxb7 Qxc5 29. a4 Nf5 30. Qd7 Re2 31. Kh2 Qd4 32. Qxd4 Nxd4 33. Rd1 Re4 34. a5 Rxf4 35. Kg3 Ne2+ 36.
Kh2 Rf5 37. Rd8+ Kg7 38. a6 Rf6 39. Rd2 0-1

[Event "*** SCC Grand Prix: Titled Tuesday Blitz"]
[Site "Chess.com"]
[Date "2020.07.14"]
[Round "3"]
[White "SaqoChess_Twitch"]
[Black "Aygehovit1992"]
[Result "1-0"]
[WhiteElo "2429"]
[BlackElo "2639"]
[TimeControl "180+1"]
[EndTime "10:27:46 PDT"]
[Termination "SaqoChess_Twitch won on time"]

1. d4 Nf6 2. c4 g6 3. Nc3 d5 4. Bf4 Bg7 5. e3 O-O 6. Rc1 Be6 7. Nf3 c5 8. dxc5 Qa5 9. Nd4 Nc6 10.
a3 Nxd4 11. exd4 dxc4 12. Be2 Rfd8 13. O-O Rac8 14. Qa4 Qxa4 15. Nxa4 Rxd4 16. Be3 Re4 17. Bf3 Bd5 18. Bxe4 Nxe4 19. Rfd1 e6 20. Nc3 Bxc3 21. bxc3 Nxc5 22. Bxc5 Rxc5 23. Rb1 b6 24. Ra1 f5 25. a4 Kf7 26. Rdb1 Bc6 27. Rb4 Kf6 28. f4 h6 29.
g3 g5 30. Kf2 g4 31. Re1 Be4 32. Ke3 e5 33. Rb5 exf4+ 34. Kxf4 Rc6 35. a5 bxa5 36. Rxa5 a6 37. Rea1 Re6 38. Rxa6 Bc6 39. Re1 Rxe1 40. Rxc6+ Re6 41. Rxc4 h5 42. Rd4 Ra6 43. c4 Rc6 44. Ke3 Ke5 45. Kd3 1-0

[Event "*** SCC Grand Prix: Titled Tuesday Blitz"]
[Site "Chess.com"]
[Date "2020.07.14"]
[Round "3"]
[White "Evachess2006"]
[Black "GuuBol"]
[Result "0-1"]
[WhiteElo "1614"]
[BlackElo "2230"]
[TimeControl "180+1"]
[EndTime "10:27:46 PDT"]
[Termination "GuuBol won on time"]

1. e4 c5 2. c3 d5 3. exd5 Qxd5 4. d4 g6 5. Nf3 Bg7 6. Be3 cxd4 7. Bxd4 Nf6 8. Be2 Nc6 9. O-O e5 10. Be3 O-O 11. Qxd5 Nxd5 12. Nbd2 Nxe3 13. fxe3 Be6 14. Bc4 Bxc4 15. Nxc4 e4 16. Nd4 f5 17. Nxc6 bxc6 18. Rad1 Rfd8 19. Rfe1 Kf7 20. Kf2 Ke6 21. Ke2 Rd5 22. Rxd5 cxd5 23. Nd2 Rb8 24. Nb3 Be5 25. Rd1 Bxh2 0-1

[Event "*** SCC Grand Prix: Titled Tuesday Blitz"]
[Site "Chess.com"]
[Date "2020.07.14"]
[Round "3"]
[White "RodinMihail"]
[Black "baki83"]
[Result "1-0"]
[WhiteElo "2446"]
[BlackElo "2731"]
[TimeControl "180+1"]
[EndTime "10:27:48 PDT"]
[Termination "RodinMihail won by resignation"]

1. e4 e5 2. Nf3 Nc6 3. Nc3 Nf6 4.
d4 exd4 5. Nxd4 Bb4 6. Nxc6 bxc6 7. Bd3 O-O 8. O-O d5 9. exd5 cxd5 10. Bg5 c6 11. Qf3 h6 12. Bf4 Bd6 13. h3 Rb8 14. b3 Rb4 15. Ne2 Re8 16. Rad1 Bxf4 17. Nxf4 Qd6 18.
c4 d4 19. Rfe1 Rd8 20. Bc2 c5 21. Nd3 Rb8 22. Re5 Bb7 23. Qg3 Rbc8 24. Rxc5 Qxg3 25. fxg3 Rb8 26. Rc7 Ne4 27. Kh2 Nc3 28. Rf1 Rf8 29. a3 a5 30. b4 axb4 31. axb4 Be4 32. b5 Rbc8 33. Rfxf7 Rxf7 34. Rxc8+ Kh7 35. b6 Ne2 36. Nb4 Bxc2 37. Nxc2 d3 38. Nb4 d2 39. Rd8 1-0

[Event "*** SCC Grand Prix: Titled Tuesday Blitz"]
[Site "Chess.com"]
[Date "2020.07.14"]
[Round "3"]
[White "Parhamov"]
[Black "chargemax23"]
[Result "1-0"]
[WhiteElo "3014"]
[BlackElo "2685"]
[TimeControl "180+1"]
[EndTime "10:27:49 PDT"]
[Termination "Parhamov won by resignation"]

1. e4 c5 2. Nf3 e6 3. d4 cxd4 4.
Nxd4 Nc6 5. Nc3 Nf6 6. Nxc6 dxc6 7. Qxd8+ Kxd8 8. Bg5 Be7 9. O-O-O+ Nd7 10. h4 f6 11. Be3 e5 12. f4 Kc7 13. f5 h5 14. Rh3 a5 15. Rg3 Bf8 16. a4 b6 17.
Bc4 Nc5 18. Bxc5 bxc5 19. Rd2 Rb8 20. Nd1 Bd7 21. Ne3 Be8 22. Be6 Rh6 23. Nc4 Ra8 24.
Rgd3 g6 25. Bf7 gxf5 26. Bxe8 Rxe8 27. Rd7+ Kb8 28. Rf7 Rg6 29. Rdd7 1-0

[Event "*** SCC Grand Prix: Titled Tuesday Blitz"]
[Site "Chess.com"]
[Date "2020.07.14"]
[Round "3"]
[White "joksijoksi"]
[Black "MikeSailer"]
[Result "1-0"]
[WhiteElo "2381"]
[BlackElo "2138"]
[TimeControl "180+1"]
[EndTime "10:27:49 PDT"]
[Termination "joksijoksi won by resignation"]

1. e4 d5 2. exd5 Qxd5 3. Nc3 Qd6 4. d4 Nf6 5. Nge2 c6 6. Bf4 Qd8 7. g3 Bg4 8. Bg2 e6 9. f3 Bf5 10. g4 Bg6 11. h4 h6 12. h5 Bh7 13. Ne4 Be7 14.
Qd2 Nxe4 15. fxe4 Bh4+ 16. Ng3 Nd7 17. O-O-O Bg5 18. Rhf1 Bxf4 19. Qxf4 O-O 20. e5 Nb6 21. Be4 Nd5 22. Bxh7+ Kxh7 23. Qe4+ Kg8 24. Kb1 Qg5 25. Rde1 a5 26. Qe2 b5 27. Ne4 Qe7 28. g5 hxg5 29. h6 gxh6 30. Nf6+ Nxf6 31. Rxf6 Kg7 32. Qh5 Rh8 33. Rh1 Kf8 34. Rxh6 Rxh6 35. Qxh6+ Ke8 36. Qh8+ Kd7 37. Qxa8 1-0